 Dungeon Crawl Stone Soup version 5.7-8-g3a8b389 (webtiles) character file.

723 Sir the Spear-Bearer (level 9, -1/61 HPs)
             Began as a Demonspawn Skald on Sept 6, 2018.
             Was a Believer of Yredelemnul.
             Slain by a goblin
             ... wielding a +0 hand axe
              (4 damage)
             ... in a bailey.
             The game lasted 00:15:50 (7151 turns).

Sir the Spear-Bearer (Demonspawn Skald)             Turns: 7151, Time: 00:15:52

Health: -1/61      AC:  6 (14%)Str: 10  XL:     9   Next: 1%
Magic:  11/11      EV: 11    Int: 22    God:    Yredelemnul [2*[73]]
Gold:   455        SH:  9    Dex:  8    Spells: 12/18 levels left

rFire    . . .     SeeInvis .   u - +0 halberd
rCold    . . .     Faith    .   (shield currently unavailable)
rNeg     + . .     Spirit   .   b - +0 leather armour
rPois    +         Reflect  +   q - +0 hat {Int+3}
rElec    .                      r - +1 cloak
rCorr    .                      (no gloves)
MR       .....                  i - +0 pair of boots
Stlth    +.........             g - +3 amulet of reflection
Regen    0.7/turn               n - ring of poison resistance
MPRegen  0.2/turn               h - ring of positive energy

@: very slightly contaminated, regenerating, invisible
A: horns 2, clever, clumsy, weak, crystal skin, reflection, tiny mouth 1
a: End Regeneration, Stop Singing, Injury Mirror, Enslave Soul, Renounce
Religion


You were in a bailey.
You worshipped Yredelemnul.
Yredelemnul was pleased with you.
You were not hungry.

You visited 1 branch of the dungeon, and saw 7 of its levels.
You also visited: Bailey.

You collected 455 gold pieces.

Inventory:

Hand Weapons
 a - a +0 spear
 m - a +0 trident
 u - a +0 halberd (weapon)
 B - the +8 mithril axe "Arga" {speed, MR+}
   (You found it on level 7 of the Dungeon)

   Attacks with this weapon are significantly faster.
   It affects your resistance to hostile enchantments.
Missiles
 t - 115 poisoned darts (quivered)
 x - 161 javelins
 y - 84 tomahawks
 A - 11 frenzy darts
Armour
 b - a +0 leather armour (worn)
 i - a +0 pair of boots (worn)
 p - a +0 plate armour
 q - a +0 hat of intelligence (worn)
 r - a +1 cloak (worn)
Jewellery
 g - a +3 amulet of reflection (around neck)
 h - a ring of positive energy (right hand)
 n - a ring of poison resistance (left hand)
Wands
 l - a wand of slimification (8)
Scrolls
 c - a scroll of fog
 d - 4 scrolls of teleportation
 e - 3 scrolls of enchant armour
 f - 2 scrolls of amnesia
 k - 3 scrolls of enchant weapon
 o - 5 scrolls of blinking
Potions
 j - a potion of resistance
 s - a potion of haste
 v - a potion of augmentation


   Skills:
 - Level 2.0 Fighting
 * Level 8.2 Polearms
 - Level 0.8 Armour
 - Level 0.8 Dodging
 + Level 6.7 Charms
 + Level 6.0 Invocations


You had 12 spell levels left.
You knew the following spells:

 Your Spells              Type           Power        Failure   Level  Hunger
a - Infusion              Chrm           25 (25)      1%          1    N/A
b - Regeneration          Chrm/Necr      14 (200)     17%         3    N/A
c - Song of Slaying       Chrm           29 (100)     2%          2    N/A

Your spell library contained the following spells:

 Spells                   Type           Power        Failure   Level  Hunger
 Ozocubu's Armour         Chrm/Ice       14 (100)     50%         4    N/A
 Spectral Weapon          Chrm/Summ      14 (100)     85%         5    N/A

Dungeon Overview and Level Annotations

Branches:
Dungeon (7/15)

Altars:
Cheibriados
Dithmenos
Elyvilon
Gozag
Jiyva
Kikubaaqudgha
Lugonu
Makhleb
Nemelex Xobeh
Qazlal
Ru
Sif Muna
Uskayaw
Vehumet
Wu Jian
Xom
Yredelemnul
Zin
The Shining One


Innate Abilities, Weirdness & Mutations

You have a pair of horns on your head.
Your crystalline skin blocks enemy attacks. (SH +6)
Your crystalline skin reflects projectiles.
Your mind is acute. (Int +5)
You are clumsy. (Dex -5)
You are weak. (Str -5)
Potions take you a little longer to quaff.


Message History

You hit the orc warrior (2).
The orc warrior is heavily wounded.
You block the goblin's attack. You block the orc warrior's attack.
Unknown command.
You hit the orc warrior but do no damage.
The orc warrior is heavily wounded.
The goblin closely misses you.
The orc warrior hits you with a +0 war axe (7)!
* * * LOW HITPOINT WARNING * * *
Unknown command.
You barely miss the orc warrior.
The orc warrior is heavily wounded.
Unknown command.
You barely miss the orc warrior.
The orc warrior is heavily wounded.
The orc warrior hits you with a +0 war axe (14)!
* * * LOW HITPOINT WARNING * * *
The goblin hits you with a +0 hand axe (4).
You die...
Your body rises from the dead as a mindless zombie.

▓▓▓▓▓ ▓.∩.▓
▓^^^▓ ▓[g@▓
######o######
#...(≈o≈(...#
#'###≈g≈###'#
#...(≈.≈(...#
#'###≈(≈###'#
#...(≈(≈....#
#'###≈(≈###'#
#....≈.≈K...#


You could see 2 orc warriors and 2 goblins.

Vanquished Creatures
  A phantom (D:7)
  2 orc warriors (Bailey)
  3 centaurs
  Blork the orc (D:6)
  A gnoll sergeant (D:5)
  A bullfrog (D:6)
  2 water moccasin zombies
  4 scorpions
  A crimson imp (D:5)
  A howler monkey (D:6)
  A bullfrog skeleton (D:6)
  Crazy Yiuf (D:4)
  2 bullfrog zombies
  A jelly (D:7)
  An orc priest (D:5)
  3 hounds
  5 orc wizards (D:5)
  6 worker ants
  A hound skeleton (D:5)
  8 gnolls
  A howler monkey skeleton (D:5)
  9 adders
  An adder skeleton (D:4)
  A dart slug (D:2)
  22 orcs
  12 quokkas
  2 ball pythons
  9 bats
  4 giant cockroaches
  6 hobgoblins
  3 jackals (D:4)
  18 kobolds
  6 frilled lizards
  9 goblins
  A jackal skeleton (D:5)
  8 rats
158 creatures vanquished.

Vanquished Creatures (others)
  6 kobolds (Bailey)
6 creatures vanquished.

Grand Total: 164 creatures vanquished

Notes
Turn   | Place    | Note
-------+----------+-------------------------------------------
     0 | D:1      | Sir the Demonspawn Skald began the quest for the Orb.
     0 | D:1      | Reached XP level 1. HP: 16/16 MP: 2/2
   141 | D:1      | Reached skill level 2 in Polearms
   342 | D:1      | Gained mutation: Your crystalline skin blocks enemy attacks. (SH +6) [demonic ancestry]
   342 | D:1      | Reached XP level 2. HP: 22/22 MP: 3/3
   491 | D:1      | Found a snail-covered altar of Cheibriados.
  1195 | D:1      | Gained mutation: Your mind is acute. (Int +5) [mutagenic hatch]
  1230 | D:2      | Reached XP level 3. HP: 27/27 MP: 6/6
  1262 | D:2      | Learned a level 3 spell: Regeneration
  1263 | D:2      | Learned a level 2 spell: Song of Slaying
  1284 | D:2      | Found a glowing golden altar of the Shining One.
  1473 | D:2      | Found an ancient bone altar of Kikubaaqudgha.
  1489 | D:2      | Found a glowing silver altar of Zin.
  1492 | D:2      | Noticed an angel
  1495 | D:2      | Found a shimmering altar of Xom.
  1551 | D:2      | Found a white marble altar of Elyvilon.
  1596 | D:2      | Reached skill level 3 in Polearms
  1734 | D:2      | Found a basalt altar of Yredelemnul.
  1742 | D:2      | Became a worshipper of Yredelemnul the Dark
  2373 | D:3      | Reached XP level 4. HP: 33/33 MP: 7/7
  2484 | D:3      | Found a deep blue altar of Sif Muna.
  2494 | D:3      | Found a sacrificial altar of Ru.
  2519 | D:3      | Found a radiant altar of Vehumet.
  2677 | D:3      | HP: 1/33 [poisoned by a scorpion]
  2829 | D:3      | Reached skill level 4 in Polearms
  2829 | D:3      | Gained mutation: You have a pair of small horns on your head. [demonic ancestry]
  2829 | D:3      | Reached XP level 5. HP: 19/38 MP: 2/2
  3150 | D:3      | Found a viscous altar of Jiyva.
  3160 | D:3      | Reached * piety under Yredelemnul
  3195 | D:3      | Found a sparkling altar of Nemelex Xobeh.
  3768 | D:4      | Reached XP level 6. HP: 30/44 MP: 4/4
  3833 | D:4      | Reached skill level 5 in Charms
  3993 | D:4      | Found an ornate altar of the Wu Jian Council.
  4137 | D:4      | Reached skill level 5 in Polearms
  4294 | D:4      | Found a runed door.
  4369 | D:4      | Noticed Crazy Yiuf
  4375 | D:4      | Killed Crazy Yiuf
  4704 | D:4      | Gained mutation: You are clumsy. (Dex -5) [mutagenic hatch]
  4704 | D:5      | Entered Level 5 of the Dungeon
  4707 | D:5      | Found a shimmering altar of Xom.
  4707 | D:5      | Found a shimmering altar of Xom.
  4722 | D:5      | Found a shimmering altar of Xom.
  4722 | D:5      | Found a shimmering altar of Xom.
  4722 | D:5      | Found a shimmering altar of Xom.
  4724 | D:5      | Found a shimmering altar of Xom.
  4724 | D:5      | Found a shimmering altar of Xom.
  4724 | D:5      | Found a shimmering altar of Xom.
  4760 | D:5      | Reached skill level 1 in Invocations
  4772 | D:5      | Gained mutation: Potions take you a little longer to quaff. [mutagenic glow]
  4801 | D:5      | Gained mutation: You are weak. (Str -5) [mutagenic glow]
  4806 | D:5      | Reached XP level 7. HP: 22/50 MP: 6/6
  4951 | D:5      | Reached ** piety under Yredelemnul
  5081 | D:5      | Found a burning altar of Makhleb.
  5125 | D:5      | Reached skill level 6 in Polearms
  5222 | D:5      | Found an opulent altar of Gozag.
  5724 | D:5      | Gained mutation: You have a pair of horns on your head. [demonic ancestry]
  5724 | D:5      | Reached XP level 8. HP: 48/56 MP: 8/8
  6054 | D:6      | Reached skill level 7 in Polearms
  6087 | D:6      | Noticed Blork the orc
  6100 | D:6      | Killed Blork the orc
  6327 | D:6      | Reached skill level 5 in Invocations
  6612 | D:6      | Found a stormy altar of Qazlal.
  6615 | D:6      | Found a corrupted altar of Lugonu.
  6628 | D:6      | Found a shadowy altar of Dithmenos.
  6826 | D:7      | Found a hide-covered altar of Uskayaw.
  6864 | D:7      | Reached skill level 8 in Polearms
  6967 | D:7      | Found a flagged portal.
  6975 | Bailey   | Entered a bailey
  7133 | Bailey   | Gained mutation: Your crystalline skin reflects projectiles. [demonic ancestry]
  7133 | Bailey   | Reached XP level 9. HP: 22/61 MP: 11/11
  7151 | Bailey   | HP: 3/61 [orc warrior/+0 war axe (14)]
  7151 | Bailey   | Slain by a goblin

Skill      XL: |  1  2  3  4  5  6  7  8 |
---------------+-------------------------+-----
Polearms       | 2 3 4 5 6 8 |  8.2
Charms         | 4 5 6 |  6.7
Invocations    | 1 3 6 |  6.0
Fighting       | |  2.0
Armour         | |  0.8
Dodging        | |  0.8

Action                   |  1- 3 |  4- 6 |  7- 9 || total
-------------------------+-------+-------+-------++-------
Melee: Spear             |   163 |       |       ||   163
       Trident           |    10 |   209 |   178 ||   397
       Headbutt          |       |    20 |    34 ||    54
       Halberd           |       |       |   191 ||   191
Throw: Poisoned dart     |       |       |     8 ||     8
 Cast: Regeneration      |       |     1 |       ||     1
       Song of Slaying   |       |     1 |       ||     1
Invok: Enslave Soul      |       |       |     1 ||     1
  Use: Scroll            |       |       |     2 ||     2
       Potion            |       |       |     1 ||     1
 Stab: Sleeping          |       |     3 |       ||     3
       Invisible         |       |       |     3 ||     3
Armor: Leather armour    |    23 |    44 |    90 ||   157
Dodge: Dodged            |    52 |    80 |   200 ||   332
Block: Other             |    50 |    81 |   197 ||   328
       Reflection        |       |     2 |    30 ||    32
